General information
- name: BNet
- type: Ladder 1vs1/FFA
- host: Battle.net
- saver: ipo
map: LostTemple
- players: 2
- length: 26:52
- speed: Fast
- version: 1.26 W3XP
- replay type: Public
» download(79 KB)
Players
team 1 (loser)
F15EYama (
green | 51 APM | 1380 actions | 26:51)
3 Dreadlord
2 Sleep
1 Vampiric Aura
3 Death Knight
1 Death Coil
2 Unholy Aura
» actions
| Assign group hotkey | 20 | |
| Basic commands | 2 | |
| Build / train | 55 | |
| Enter build submenu | 27 | |
| Enter hero's abilities submenu | 6 | |
| Right click | 893 | |
| Select / deselect | 230 | |
| Select group hotkey | 102 | |
| Use ability | 45 | |
1380 total
» units
| Acolyte | 9 | |
| Ghoul | 5 | |
| Gargoyle | 5 | |
| Abomination | 1 | |
| Frost Wyrm | 5 | |
| Obsidian Statue | 1 | |
| Crypt Fiend | 3 | |
29 total
» upgrades
| Cannibalize | 1 | |
| Unholy Strength | 1 | |
| Creature Attack | 3 | |
| Creature Carapace | 3 | |
| Ghoul Frenzy | 1 | |
| Freezing Breath | 1 | |
| Web | 1 | |
11 total
» buildings
| Graveyard | 2 | |
| Crypt | 3 | |
| Ziggurat | 12 | |
| Halls of the Dead | 1 | |
| Altar of Darkness | 1 | |
| Tomb of Relics | 1 | |
| Spirit Tower | 5 | |
| Sacrificial Pit | 1 | |
| Slaughterhouse | 1 | |
| Black Citadel | 1 | |
| Boneyard | 2 | |
30 total
» build order
00:10 Graveyard
00:24 Crypt
00:36 Ziggurat
01:25 Ziggurat
01:52 Ziggurat
02:35 Ziggurat
03:12 Halls of the Dead
03:46 Altar of Darkness
03:54 Tomb of Relics
04:00 Spirit Tower
04:15 Ziggurat
05:09 Ziggurat
05:40 Sacrificial Pit
05:48 Slaughterhouse
06:05 Black Citadel
08:29 Boneyard
08:59 Ziggurat
10:10 Boneyard
12:00 Ziggurat
15:39 Ziggurat
17:00 Spirit Tower
17:48 Ziggurat
18:02 Graveyard
19:17 Crypt
19:25 Crypt
20:05 Spirit Tower
20:06 Spirit Tower
20:08 Spirit Tower
20:19 Ziggurat
20:25 Ziggurat
team 2 (winner)
ipo (
red | 71 APM | 1896 actions | 26:52)
5 Archmage
2 Blizzard
3 Brilliance Aura
4 Blood Mage
2 Flame Strike
2 Siphon Mana
3 Paladin
2 Holy Light
1 Divine Shield
» actions
| Assign group hotkey | 72 | |
| Basic commands | 49 | |
| Build / train | 144 | |
| Enter build submenu | 53 | |
| Enter hero's abilities submenu | 12 | |
| Give item / drop item | 9 | |
| Right click | 597 | |
| Select / deselect | 442 | |
| Select group hotkey | 307 | |
| Use ability | 211 | |
1896 total
» units
| Peasant | 22 | |
| Goblin Shredder | 4 | |
| Goblin Zeppelin | 1 | |
| Flying Machine | 13 | |
| Goblin Sapper | 3 | |
| Dragonhawk Rider | 4 | |
47 total
» upgrades
| Masonry | 3 | |
| Gunpowder | 3 | |
| Plating | 4 | |
| Magic Sentry | 1 | |
| Sorceress Training | 3 | |
| Flak Cannons | 1 | |
| Flying Machine Bombs | 2 | |
| Cloud | 1 | |
| Armor | 2 | |
| Animal War Training | 1 | |
| Priest Training | 1 | |
22 total
» buildings
| Altar of Kings | 1 | |
| Farm | 6 | |
| Arcane Vault | 2 | |
| Lumber Mill | 1 | |
| Scout Tower | 36 | |
| Arcane Tower | 5 | |
| Guard Tower | 17 | |
| Town Hall | 2 | |
| Keep | 1 | |
| Blacksmith | 2 | |
| Castle | 2 | |
| Workshop | 2 | |
| Arcane Sanctum | 1 | |
| Gryphon Aviary | 3 | |
| Barracks | 1 | |
82 total
» build order
00:13 Altar of Kings
00:42 Farm
01:02 Arcane Vault
01:04 Arcane Vault
01:12 Lumber Mill
01:20 Farm
01:27 Scout Tower
02:09 Arcane Tower
02:35 Scout Tower
03:00 Scout Tower
03:01 Scout Tower
03:06 Scout Tower
03:11 Scout Tower
03:36 Farm
03:38 Guard Tower
04:12 Scout Tower
04:13 Guard Tower
04:17 Guard Tower
04:31 Scout Tower
05:08 Town Hall
05:15 Arcane Tower
05:27 Scout Tower
05:28 Scout Tower
06:04 Scout Tower
06:04 Arcane Tower
06:14 Guard Tower
06:46 Scout Tower
06:47 Scout Tower
06:50 Scout Tower
06:54 Scout Tower
06:55 Scout Tower
06:56 Guard Tower
06:58 Scout Tower
07:00 Scout Tower
07:21 Keep
07:39 Guard Tower
07:41 Guard Tower
07:44 Blacksmith
07:44 Blacksmith
08:00 Guard Tower
08:21 Farm
08:33 Guard Tower
08:38 Scout Tower
08:39 Scout Tower
08:45 Guard Tower
08:48 Scout Tower
08:55 Scout Tower
08:58 Scout Tower
09:19 Farm
09:22 Guard Tower
09:42 Castle
09:42 Castle
09:43 Guard Tower
09:47 Workshop
09:47 Workshop
09:59 Arcane Sanctum
11:35 Scout Tower
11:40 Town Hall
11:50 Scout Tower
11:51 Scout Tower
11:53 Scout Tower
11:54 Scout Tower
11:54 Scout Tower
11:55 Scout Tower
11:56 Arcane Tower
12:20 Guard Tower
12:27 Guard Tower
13:32 Gryphon Aviary
13:32 Gryphon Aviary
13:48 Guard Tower
17:54 Scout Tower
17:55 Scout Tower
18:12 Barracks
18:29 Scout Tower
18:30 Scout Tower
18:32 Scout Tower
18:33 Scout Tower
19:10 Guard Tower
21:34 Guard Tower
22:03 Arcane Tower
22:28 Gryphon Aviary
» items
| Scroll of Regeneration | 7 | |
| Lesser Clarity Potion | 3 | |
| Mechanical Critter | 4 | |
| Potion of Healing | 4 | |
| Potion of Mana | 1 | |
| Scroll of Town Portal | 1 | |
| Staff of Sanctuary | 1 | |
| Scroll of Healing | 1 | |
| Boots of Speed | 2 | |
| Periapt of Vitality | 3 | |
| Staff of Teleportation | 3 | |
| Potion of Invisibility | 2 | |
32 total
Chat log
(06:35 / All) F15EYama: oh man! peeking...
(10:20 / All) F15EYama: yep...still here
(10:27 / All) F15EYama: i am slow today...
(13:36 / All) F15EYama: still slow